 Dungeon Crawl Stone Soup version 0.29-a0-330-g52719c12eb (webtiles) character file.

Game seed: 8261291400604608930

11829 kae the Arsonist (level 11, -7/89 HPs)
             Began as a Demigod Fire Elementalist on Apr 18, 2022.
             Killed by divine providence
             ... invoked by an orc priest
              (14 damage)
             ... on level 11 of the Dungeon.
             The game lasted 00:10:25 (13084 turns).

kae the Arsonist (Demigod Fire Elementalist)       Turns: 13084, Time: 00:10:26

Health: -7/89      AC:  8    Str:  7    XL:     11   Next: 29%
Magic:  7/20       EV: 18    Int: 36    God:
Gold:   901        SH:  0    Dex: 14    Spells: 5/18 levels left

rFire   + . .      SeeInvis .   h - staff of fire
rCold   . . .      Faith    .   (no shield)
rNeg    + . .      Spirit   .   a - +0 robe
rPois   +          Reflect  .   p - +1 helmet
rElec   .          Harm     .   (no cloak)
rCorr   .          Rampage  .   d - +2 pair of gloves
Will    +....                   (no boots)
Stlth   ++........              m - amulet of magic regeneration
HPRegen 0.24/turn               l - +4 ring of evasion
MPRegen 0.57/turn               f - ring "Kobuwet" {rPois rN+ Str-2 Int+7}

@: studying Armour
A: high MP 1, forlorn, divine attributes
a: no special abilities


You were on level 11 of the Dungeon.
You visited 1 branch of the dungeon, and saw 11 of its levels.
You also visited: Bailey.

You collected 901 gold pieces.

Inventory:

Hand Weapons
 r - a +1 dagger
Missiles
 A - a throwing net
Armour
 a - a +0 robe (worn)
 d - a +2 pair of gloves (worn)
 p - a +1 helmet (worn)
Magical Staves
 h - a staff of fire (weapon)
Jewellery
 f - the ring "Kobuwet" (right hand) {rPois rN+ Str-2 Int+7}
   (You acquired it on level 5 of the Dungeon)

   [ring of poison resistance]

   Str:       It affects your strength (-2).
   Int:       It affects your intelligence (+7).
   rPois:     It protects you from poison.
   rN:        It protects you from negative energy.
 l - a +4 ring of evasion (left hand)
 m - an amulet of magic regeneration (around neck)
 y - a ring of willpower
 E - a ring of protection from cold
 H - a +6 ring of strength
 I - a +6 ring of dexterity
 J - a ring of see invisible
Wands
 u - a wand of iceblast (8)
 K - a wand of acid (7)
 N - a wand of flame (23)
 P - a wand of paralysis (9)
 S - a wand of polymorph (4)
Scrolls
 i - a scroll of magic mapping
 n - a scroll of amnesia
 o - a scroll of enchant armour
 q - 3 scrolls of vulnerability
 s - 4 scrolls of teleportation
 t - 2 scrolls of fog
 v - 2 scrolls of silence
 D - a scroll of identify
 G - a scroll of enchant weapon
 L - a scroll of blinking {unknown}
 O - a scroll of holy word
 R - a scroll of fear
Potions
 b - a potion of magic
 c - a potion of brilliance
 e - 5 potions of lignification
 g - 3 potions of mutation
 j - 6 potions of curing
 k - 6 potions of degeneration
 w - 2 potions of haste
 z - 6 potions of heal wounds
 B - a potion of invisibility
 C - 2 potions of flight
 F - a potion of resistance
 M - a potion of berserk rage {unknown}
 Q - a potion of ambrosia {unknown}
Miscellaneous
 x - a condenser vane (inert)


   Skills:
 - Level 6.0 Fighting
 + Level 4.6 Staves
 - Level 6.0 Armour
 - Level 6.3 Dodging
 - Level 1.7 Stealth
 - Level 4.0 Spellcasting
 - Level 4.0 Conjurations
 * Level 10.3 Fire Magic
 + Level 4.6 Evocations


You had 5 spell levels left.
You knew the following spells:

 Your Spells              Type           Power      Damage    Failure   Level
a - Foxfire               Conj/Fire      100%       2x1d9     1%          1
b - Scorch                Fire           100%       2d10      1%          2
c - Conjure Flame         Conj/Fire      73%        6-21      1%          3
d - Inner Flame           Hex/Fire       61%        N/A       1%          3
e - Flame Wave            Conj/Fire      73%        2d13      2%          4

Your spell library contained the following spells:

 Spells                   Type           Power      Damage    Failure   Level
 Shock                    Conj/Air       84%        1d8       1%          1
 Corpse Rot               Necr/Air       14%        N/A       6%          2
 Poisonous Vapours        Pois/Air       14%        N/A       6%          2
 Swiftness                Air            7%         N/A       13%         3
 Airstrike                Air            3%         N/A       38%         4
 Animate Dead             Necr           3%         N/A       38%         4
 Dispel Undead            Necr           7%         3d8       38%         4
 Borgnjor's Vile Clutch   Necr/Erth      3%         N/A       75%         5
 Death Channel            Necr           3%         N/A       100%        6
 Dispersal                Tloc           3%         N/A       100%        6
 Disjunction              Tloc           3%         N/A       100%        8


Dungeon Overview and Level Annotations

Branches:
Dungeon (11/15)            Temple (0/1) D:7            Lair (0/6) D:11
 Bailey (visited)
    Orc: D:9-12

Shops:
D:5 [   D:7 :*

Annotations:
D:6 Maggie
D:7 3 runed translucent doors, Sapher's ghost, novice MyTm


Innate Abilities, Weirdness & Mutations

You have an increased reservoir of magic. (+10% MP)
You shall have no god before yourself.
Your divine heritage dramatically boosts your attributes as you level up.


Message History

The kobold brigand is burned terribly!
You kill the kobold brigand!
You hear a shout!
You hear a roar!
You hear a shout!
Casting: Scorch (safe; 1% risk of failure)
Confirm with . or Enter, or press ? or * to list all spells.
You feel a surge of power!
Flames lash the centaur.
The centaur is almost dead.
The centaur's fire resistance burns away.
You hear a roar!
Casting: Scorch (safe; 1% risk of failure)
Confirm with . or Enter, or press ? or * to list all spells.
You feel a surge of power!
Flames lash the centaur.
The centaur is burned terribly!
You kill the centaur!
You hear a roar!
An orc priest comes into view. It is wielding a +0 war axe.
The orc priest shouts!
You hear a roar!
The orc priest mumbles some strange prayers to Beogh against you.
Beogh smites you!
Casting: Scorch (safe; 1% risk of failure)
Confirm with . or Enter, or press ? or * to list all spells.
You feel a surge of power!
Flames lash the troll.
The troll is burned terribly!
The troll is heavily wounded.
The troll closely misses you. The troll claws you! The troll misses you.
The troll closely misses you. x2; The troll completely misses you.
Casting: Scorch (safe; 1% risk of failure)
Confirm with . or Enter, or press ? or * to list all spells.
You feel a surge of power!
Flames lash the orc priest.
The orc priest is heavily wounded.
The orc priest's fire resistance burns away.
The troll bites you. The troll claws you!
* * * LOW HITPOINT WARNING * * *
The troll claws you!
* * * LOW HITPOINT WARNING * * *
The troll misses you. The troll closely misses you. The troll claws you!
* * * LOW HITPOINT WARNING * * *
The orc priest invokes the aid of Beogh against you.
Beogh smites you!
You die...

##..# #...........#
#......P.P. ##..#
#...........#
##.PP.....P. ....#
####.######.#
#....PP.P).. ##.##
###.######.###P..P...PP.
...
................P....P.P
#
########.#.#.....P....PP
♣ #)#.#.P.P...P.P.. .
#.#.#............
.♣#@#.#..PP.PP....
♣♣♣.#T#.#....P..>P..
♣.♣.#o#....PP.P..P.P
♣.♣.#o###..P.......
≈≈.♣.♣.♣.#.#
≈D....cK...#
≈C.♣o♣.♣.#.# ♣.♣.#.#
♣.♣.#.#


You could see a troll (combustible), an orc warrior and an orc priest
(combustible).

Vanquished Creatures
  Erica (D:9)
  4 two-headed ogres
  A cyclops (D:9)
  2 unseen horrors (D:11)
  A hornet (D:7)
  A vampire (D:11)
  A wyvern (D:9)
  A shadow (D:10)
  15 yaks
  2 vampire mosquitoes (D:10)
  An acid dragon (D:9)
  5 water moccasins
  2 sky beasts (D:8)
  7 orc warriors
  2 ice beasts
  3 ogres
  6 centaurs
  9 kobold brigands
  2 phantoms (D:5)
  7 bullfrogs
  2 gnoll sergeants
  4 wights
  4 killer bees (D:10)
  A howler monkey (D:9)
  A crimson imp (D:8)
  2 hounds
  6 orc priests
  A jelly (D:7)
  An iguana (D:5)
  8 orc wizards
  6 gnolls
  2 adders (D:6)
  A shadow imp (D:7)
  3 white imps
  2 ufetubi
  2 worms (D:2)
  A dart slug (D:4)
  32 orcs
  5 endoplasms
  8 giant cockroaches
  11 goblins
  5 hobgoblins
  5 jackals
  2 quokkas (D:1)
  4 ball pythons
  5 bats
  5 frilled lizards
  32 kobolds
  5 rats
239 creatures vanquished.

Vanquished Creatures (others)
  574 foxfires
  35 fungi (D:11)
  18 plants (D:11)
627 creatures vanquished.

Grand Total: 866 creatures vanquished

Notes
Turn   | Place    | Note
-------+----------+-------------------------------------------
     0 | D:1      | kae the Demigod Fire Elementalist began the quest for the
                  | Orb.
     0 | D:1      | Reached XP level 1. HP: 14/14 MP: 5/5
    95 | D:1      | Reached skill level 1 in Conjurations
   317 | D:1      | Reached skill level 3 in Fire Magic
   379 | D:1      | Reached XP level 2. HP: 20/20 MP: 2/7
  1184 | D:2      | Learned a level 2 spell: Scorch
  1533 | D:2      | Reached XP level 3. HP: 26/26 MP: 6/8
  2282 | D:3      | Identified a scroll of acquirement
  2282 | D:3      | Acquired a staff of fire
  3468 | D:4      | Noticed an ogre
  3646 | D:4      | Reached XP level 4. HP: 33/33 MP: 5/10
  3671 | D:4      | Reached skill level 4 in Fire Magic
  3860 | D:4      | Reached XP level 5. HP: 38/38 MP: 8/12
  4000 | D:4      | Killed an ogre
  4043 | D:4      | Reached XP level 6. HP: 43/45 MP: 2/13
  4196 | D:4      | Learned a level 3 spell: Conjure Flame
  4200 | D:4      | Learned a level 3 spell: Inner Flame
  4552 | D:4      | Reached skill level 5 in Fire Magic
  4661 | D:5      | Entered Level 5 of the Dungeon
  4666 | D:5      | Noticed a two-headed ogre
  4681 | D:5      | Killed a two-headed ogre
  4682 | D:5      | Reached skill level 6 in Fire Magic
  4682 | D:5      | Reached XP level 7. HP: 50/50 MP: 4/16
  4921 | D:5      | Reached skill level 7 in Fire Magic
  4997 | D:5      | Reached XP level 8. HP: 41/57 MP: 13/17
  5092 | D:5      | Found Kofebuc's Armour Emporium.
  5301 | D:5      | Acquired the ring "Kobuwet" {rPois rN+ Str-2 Int+7}
  5329 | D:6      | Learned a level 4 spell: Flame Wave
  5554 | D:6      | Reached skill level 1 in Fighting
  5659 | D:6      | Reached skill level 1 in Armour
  5717 | D:6      | Noticed Maggie
  5845 | D:6      | Identified the +2 trident of Karma {antimagic, Drain rElec
                  | rPois rN+}
  6286 | D:6      | Noticed a two-headed ogre
  6293 | D:6      | Killed a two-headed ogre
  6615 | D:6      | Reached XP level 9. HP: 63/71 MP: 13/18
  6694 | D:7      | Noticed Sapher's ghost (novice MyTm)
  6700 | D:7      | Found a staircase to the Ecumenical Temple.
  6702 | D:7      | Found a runed translucent gate.
  6702 | D:7      | Found a runed translucent gate.
  6709 | D:7      | Found Titronn's Book Boutique.
  6810 | D:7      | Found a flagged portal.
  6823 | Bailey   | Entered a bailey
  6904 | Bailey   | Reached skill level 5 in Dodging
  7033 | Bailey   | Reached skill level 5 in Fighting
  7096 | Bailey   | Reached skill level 5 in Armour
  7328 | D:7      | Found a runed translucent gate.
  7476 | D:7      | Found Hahygres's Fire Supplies.
  8141 | D:8      | Reached XP level 10. HP: 69/83 MP: 14/19
  8871 | D:8      | Reached skill level 1 in Staves
  8871 | D:8      | Reached skill level 1 in Evocations
  8898 | D:8      | Noticed a two-headed ogre
  8939 | D:8      | Killed a two-headed ogre
  8940 | D:8      | Reached skill level 8 in Fire Magic
 10087 | D:9      | Noticed Erica
 10092 | D:9      | Killed Erica
 10397 | D:9      | Noticed a cyclops
 10404 | D:9      | Killed a cyclops
 10405 | D:9      | Reached skill level 9 in Fire Magic
 11154 | D:10     | Entered Level 10 of the Dungeon
 12289 | D:10     | Reached XP level 11. HP: 72/89 MP: 20/20
 12888 | D:11     | Reached skill level 10 in Fire Magic
 12982 | D:11     | Found a staircase to the Lair.
 13001 | D:11     | Noticed a two-headed ogre
 13023 | D:11     | Killed a two-headed ogre
 13084 | D:11     | Killed from afar by an orc priest

Illustrated notes

Levels and vault maps discovered:
D:1:      dpeg_arrival_signposts, layout_rooms, hex_tiny
D:2:      layout_basic, shapermc_ecumenical_altar_totnotflames
D:3:      layout_basic, corner_web_ring, kennysheep_decorative_pillar,
          hangedman_decor_push
D:4:      layout_basic, hangedman_decor_lopped, grunt_decor_one_mirror
D:5:      layout_rooms, nicolae_dithmenos_through_a_glass_darkly, serial_shops,
          nicolae_shop_advertising_works [nicolae_subvault_shop_adworks]
D:6:      layout_basic, uniq_maggie
D:7:      layout_cave_pools, nicolae_overflow_hidden_temple,
          minmay_temple_entry_mist, serial_shops, shop, enter_bailey_3,
          gammafunk_ghost_split, nicolae_shop_fire_sale [nicolae_sub_dead_trees]
D:8:      kennysheep_spiral_hall, layout_basic,
          grunt_temple_overflow_champion_of_chaos
D:9:      layout_basic, uniq_erica
D:10:     layout_stronghold
D:11:     nzn_winding_woodlands_three_and_one [nzn_winding_woodlands_5x15_eye,
          nzn_winding_woodlands_5x15_pool, nzn_winding_woodlands_5x15_default,
          nzn_winding_woodlands_center_triple_pond], layout_basic,
          due_lair_maze_entry_diamond, david_orc_3,
          nicolae_ru_sacrificial_ziggurat

Skill      XL: |  1  2  3  4  5  6  7  8  9 10 11 |
---------------+----------------------------------+-----
Conjurations   | 1 2 4 |  4.0
Fire Magic     | 3 4 6 7 9 10 | 10.3
Spellcasting   | 2 3 4 |  4.0
Dodging        | 4 6 |  6.3
Fighting       | 3 5 6 |  6.0
Armour         | 3 5 6 |  6.0
Staves         | 3 4 |  4.6
Evocations     | 3 4 |  4.6
Stealth        | |  1.7

Action                   |  1- 3 |  4- 6 |  7- 9 | 10-12 || total
-------------------------+-------+-------+-------+-------++-------
Melee: Unarmed           |     9 |       |       |       ||     9
       Staff             |    12 |    16 |    16 |    55 ||    99
 Cast: Foxfire           |   116 |    47 |   106 |    87 ||   356
       Scorch            |     8 |    12 |    50 |    55 ||   125
       Conjure Flame     |       |     1 |     5 |     9 ||    15
       Flame Wave        |       |       |     9 |    24 ||    33
       Inner Flame       |       |       |     1 |       ||     1
Evoke: Wand              |       |       |     2 |       ||     2
       Condenser vane    |       |       |       |     1 ||     1
  Use: Scroll            |     5 |       |    14 |     3 ||    22
 Stab: Sleeping          |       |       |     1 |       ||     1
Armor: Robe              |    20 |    13 |    11 |    49 ||    93
Dodge: Dodged            |    29 |    13 |    63 |   138 ||   243

Table legend: (Time is in decaauts)
 A = Elapsed time spent in this place.
 B = Non-inter-level travel time spent in this place.
 C = Inter-level travel time spent in this place.
 D = Time resting spent in this place.
 E = Time spent auto-exploring this place.
 F = Levels seen in this place.
 G = Mean time per level.
                   A        B        C        D        E       F      G
               +--------+--------+--------+--------+--------+-----+--------+
         Total |  13118 |  12698 |    420 |    562 |  10154 |  12 | 1093.2 |
       Dungeon |  12725 |  12305 |    420 |    505 |   9982 |  11 | 1156.8 |
        Bailey |    392 |    392 |      0 |     57 |    172 |   1 |  392.0 |
               +--------+--------+--------+--------+--------+-----+--------+

Top non-repeatable levels by time:
     D:8: 1850 daAuts
     D:9: 1667 daAuts
    D:10: 1526 daAuts
     D:3: 1283 daAuts
     D:6: 1279 daAuts
     D:1: 1136 daAuts
     D:4: 1129 daAuts
     D:2: 1119 daAuts
     D:7: 668 daAuts
     D:5: 661 daAuts
    D:11: 402 daAuts
  Bailey: 392 daAuts
